 Dungeon Crawl Stone Soup version 0.31.0-32-g396128a36d (webtiles) character file.

Game seed: 885218439216028630

361 Econoterrorist the Ruffian (level 6, -12/59 HPs)
             Began as a Troll Monk on Apr 10, 2024.
             Mangled by an ogre
             ... wielding a +0 giant spiked club
              (28 damage)
             ... on level 4 of the Dungeon.
             The game lasted 00:06:41 (2171 turns).

Econoterrorist the Ruffian (Troll Monk)             Turns: 2171, Time: 00:06:42

Health: -12/59     AC:  4    Str: 20    XL:     6   Next: 38%
Magic:  5/5        EV: 10    Int:  6    God:
Gold:   132        SH:  0    Dex: 14    Spells: 5/5 levels left

rFire   . .          .
                       - Unarmed
rCold   . . .        c - orb {light}
rNeg    . . .        a - +0 robe
rPois   .            (helmet restricted)
rElec   .            (no cloak)
rCorr   .            (gloves unavailable)
SInv    .            (boots unavailable)
Will    .....        (no amulet)
Stlth   +            l - ring of flight
HPRegen 1.09/turn    (no ring)
MPRegen 0.09/turn

%: no passive effects
@: flying, glowing
A: large, unfitting armour, claws 3, regeneration 1, shaggy fur 1, tough skin 1
a: no special abilities


You were on level 4 of the Dungeon.
You visited 1 branch of the dungeon, and saw 4 of its levels.

You collected 156 gold pieces.
You spent 24 gold pieces at shops.

Inventory:

Armour
 a - a +0 robe (worn)
 c - an orb of light (worn)
Jewellery
 l - a ring of flight (left claw)
Wands
 o - a wand of mindburst (9)
Scrolls
 d - 5 scrolls of revelation {unknown}
 e - a scroll of noise {unknown}
 f - a scroll of identify
 g - a scroll of vulnerability {unknown}
 i - a scroll of blinking {unknown}
 j - 3 scrolls of poison {unknown}
 k - a scroll of summoning {unknown}
 m - 2 scrolls of brand weapon {unknown}
Potions
 b - 2 potions of ambrosia
 h - a potion of cancellation {unknown}
 n - a potion of curing {unknown}


   Skills:
 - Level 2.4 Fighting
 - Level 2.4 Dodging
 + Level 7.3 Unarmed Combat


You had 5 spell levels left.
You didn't know any spells.
Your spell library contained the following spells:

 Spells                   Type           Power      Damage    Failure   Level
 Magic Dart               Conj           0%         1d3       45%         1
 Slow                     Hex            0%         N/A       45%         1
 Searing Ray              Conj           0%         2d4       58%         2
 Confusing Touch          Hex            0%         N/A       83%         3
 Sigil of Binding         Hex            0%         N/A       83%         3
 Vampiric Draining        Necr           0%         2d6       83%         3
 Fulminant Prism          Conj/Alch      0%         3d5       99%         4


Dungeon Overview and Level Annotations

Branches:
Dungeon (4/15)
 Temple: D:4-7

Altars:
Nemelex Xobeh
Vehumet
Zin

Shops:
D:1 ?


Innate Abilities, Weirdness & Mutations

You are too large for most types of armour.
You have claws for hands.
Your natural rate of healing is unusually fast.
You are covered in fur. (AC +1)
You have tough skin. (AC +1)


Message History

You claw the endoplasm!
You kill the endoplasm!
You closely miss the goblin. The goblin hits you but does no damage.
You scratch the goblin but do no damage.
The goblin hits you but does no damage.
You barely miss the goblin. The goblin barely misses you.
You completely miss the goblin. The goblin barely misses you.
You scratch the goblin.
You kill the goblin!
The goblin hits you but does no damage.
You see here a +0 club.
You claw the goblin!
You kill the goblin!
The goblin closely misses you.
You scratch the ogre.
The ogre is lightly wounded.
The goblin closely misses you.
The ogre hits you with a +0 giant spiked club!
You claw the ogre!
The ogre is heavily wounded.
The goblin hits you but does no damage. The ogre barely misses you.
You scratch the ogre.
The ogre is severely wounded.
The goblin hits you but does no damage.
You scratch the ogre but do no damage.
The ogre is severely wounded.
The goblin closely misses you.
The ogre hits you with a +0 giant spiked club!!
* * * LOW HITPOINT WARNING * * *
Okay, then.
You are confused.
You feel invigorated. The goblin hits you but does no damage.
You bump into the rock wall.
The ogre closely misses you. The goblin hits you but does no damage.
You bump into the rock wall.
You feel less invigorated.
You feel less confused. The goblin hits you with a +0 dagger.
* * * LOW HITPOINT WARNING * * *
The ogre hits you with a +0 giant spiked club!!
You die...

#.#....##J.#♣...~.#.~...♣
.......##...#♣...~.[.~..♣♣
...#..##...g+.)..~.~~~..♣
....##.....#♣....#....♣♣
.## ###...#♣♣.......♣♣
#...##♣♣....♣♣♣
#....##♣♣.♣♣♣
###....g###'#
........)@Og.#
......##+###### ......#
...... ...... .....


You could see an ogre, a hobgoblin and a goblin.

Vanquished Creatures
  A howler monkey (D:4)
  A bombardier beetle (D:4)
  Ijyb (D:4)
  An iguana (D:3)
  Robin (D:4)
  4 gnolls (D:3)
  8 adders
  A dart slug (D:1)
  4 orcs
  5 ball pythons
  4 bats
  14 endoplasms
  4 giant cockroaches
  13 hobgoblins
  3 jackals (D:3)
  5 kobolds
  8 quokkas
  7 frilled lizards
  17 goblins
  4 rats
106 creatures vanquished.

Notes
Turn   | Place    | Note
-------+----------+-------------------------------------------
     0 | D:1      | Econoterrorist the Troll Monk began the quest for the Orb.
     0 | D:1      | Reached XP level 1. HP: 22/22 MP: 0/0
   183 | D:1      | Reached XP level 2. HP: 29/29 MP: 1/1
   250 | D:1      | Reached skill level 4 in Unarmed Combat
   356 | D:1      | Reached XP level 3. HP: 36/36 MP: 2/2
   496 | D:1      | Found The Oracle's Delphic Readings.
   500 | D:1      | Bought a scroll of identify for 24 gold pieces
   832 | D:2      | Reached XP level 4. HP: 43/44 MP: 3/3
   834 | D:2      | Reached skill level 5 in Unarmed Combat
   950 | D:2      | Found a faded altar of an unknown god.
  1046 | D:2      | Found a sparkling altar of Nemelex Xobeh.
  1410 | D:3      | Reached XP level 5. HP: 38/50 MP: 4/4
  1437 | D:3      | Found a radiant altar of Vehumet.
  1467 | D:3      | Reached skill level 6 in Unarmed Combat
  1578 | D:3      | Noticed an angel
  1579 | D:3      | Found a glowing silver altar of Zin.
  1872 | D:4      | Noticed Ijyb
  1880 | D:4      | Killed Ijyb
  1904 | D:4      | Reached XP level 6. HP: 47/59 MP: 5/5
  2117 | D:4      | Noticed Robin
  2125 | D:4      | Reached skill level 7 in Unarmed Combat
  2135 | D:4      | Killed Robin
  2171 | D:4      | Mangled by an ogre

Illustrated notes

Levels and vault maps discovered:
D:1:      saegor_arrival_simple_a, layout_loops_ring, st_stairs_1,
          dk_noncrumbling_4, nicolae_nh_oracle_at_delphi
D:2:      layout_rooms, basic_altar, shapermc_ecumenical_altar_flowoftime
D:3:      layout_basic, zin_angel, nicolae_vehumet_radiance,
          chequers_hall_statues_wall_a, item_on_display_a
D:4:      layout_basic, temple_doors_ab, dk_vineyard_2,
          hangedman_decor_opposing, kennysheep_potato, uniq_ijyb, uniq_robin

Skill      XL: |  1  2  3  4  5  6 |
---------------+-------------------+-----
Unarmed Combat | 4 5 6 7 |  7.3
Fighting       | |  2.4
Dodging        | |  2.4

Action                     |  1- 3 |  4- 6 || total
---------------------------+-------+-------++-------
  Melee: Unarmed           |    79 |   131 ||   210
    Use: Scroll            |       |     2 ||     2
         Potion            |       |     1 ||     1
 Armour: Robe              |    42 |    71 ||   113
  Dodge: Dodged            |    32 |    54 ||    86
